 Dungeon Sprint DCSS version 0.31-a0-868-g674d60d6f7 (webtiles) character file.

Game seed: 9417686634277710269

877 rocky1 the Martial Artist (level 8, -1/58 HPs)
             Began as a Djinni Shapeshifter on Oct 12, 2023.
             Was a Priest of Cheibriados.
             Killed from afar by a lava snake (7 damage)
             ... with a glob of lava
             ... in the Dungeon (Sprint II: "The Violet Keep of Menkaure").
             The game lasted 00:02:26 (226 turns).

rocky1 the Martial Artist (Djinni Shapeshifter)      Turns: 226, Time: 00:02:26

Health: -1/58      AC:  2    Str: 21    XL:     8   Next: 25%
Gold:   729        EV: 16    Int: 19    God:    Cheibriados [***...] SH:  0 Dex: 24

rFire   + +          .
                       - Unarmed
rCold   x . .        (no shield)
rNeg    . . .        a - +0 animal skin
rPois   ∞            (helmet currently unavailable)
rElec   .            (cloak currently unavailable)
rCorr   .            (gloves currently unavailable)
SInv    .            (boots unavailable)
Will    .....        (no amulet)
Stlth   ++           (no ring)
HPRegen 0.29/turn    (no ring)
MPRegen 0.00/turn

%: no teleportation, infuse magic (-2 HP)
@: beast-form, flying, very slow
A: beast (slay +4), flying, sickness immunity, fire resistance 2, cold
vulnerability 1, float, innate caster, HP casting, extra vitality 1,
deterioration 1, inability to drink after injury 1
a: Begin Untransformation, Renounce Religion, Bend Time, Temporal Distortion


You were in the Dungeon.
You worshipped Cheibriados.
Cheibriados was most pleased with you.
You were a hulking beast.
You visited 1 branch You collected 729 gold pieces.

Inventory:

Armour
 a - a +0 animal skin (worn)
Talismans
 c - a beast talisman (active)
 d - a flux talisman
Scrolls
 i - a scroll of blinking
Potions
 b - a potion of lignification
 e - a potion of curing
 g - a potion of haste


   Skills:
 * Level 4.0 Fighting
 + Level 5.1 Dodging
 + Level 0.8 Stealth
 * Level 12.8 Unarmed Combat
 * Level 2.2 Spellcasting
 * Level 2.2 Conjurations
 * Level 2.2 Hexes
 * Level 2.2 Summonings
 * Level 2.2 Necromancy
 * Level 2.2 Translocations
 * Level 2.2 Transmutations
 * Level 2.2 Fire Magic
 * Level 2.2 Ice Magic
 * Level 2.2 Air Magic
 * Level 2.2 Earth Magic
 * Level 2.2 Poison Magic
 + Level 8.2 Shapeshifting


You knew the following spells:

 Your Spells              Type           Power      Damage    Failure   Level
a - Magic Dart            Conj           40%        1d5       7%          1
b - Call Imp              Summ           20%        N/A       10%         2
c - Ozocubu's Armour      Ice            10%        N/A       21%         3
Your spell library was empty.

Dungeon Overview and Level Annotations

Branches:
Dungeon (1/1)

Altars:
Cheibriados
Dithmenos
Elyvilon
Fedhas
Gozag
Hepliaklqana
Makhleb
Nemelex Xobeh
Okawaru
Qazlal
Ru
Trog
Uskayaw
Wu Jian
Xom
Yredelemnul
Zin
The Shining One
Jiyva
Lugonu

Shops:
D [(=[:*!


Innate Abilities, Weirdness & Mutations

You are a hulking beast.
Your limbs bulge with bestial killing power. (Slay +4)
You are flying.
You are immune to sickness and miasma.
You are immune to poison.
Your flesh is very heat resistant. (rF++)
You are vulnerable to cold. (rC-)
You float through the air rather than walking.
You learn spells naturally, not from books.
Your magical power is your life essence.
You have superior vitality. (+4 MHP)
Your body sometimes deteriorates upon taking damage.
You occasionally lose the ability to drink potions when taking damage.


Message History

The water moccasin is engulfed in blazing flames.
The water moccasin closely misses you.
You punch the water moccasin!
You kill the water moccasin!
Cheibriados thoroughly appreciates the change of pace.
Cheibriados raises the support of your attributes as your movement slows.
You can now warp the flow of time around you.
Cheibriados raises the support of your attributes as your movement slows.
The neqoxec gestures at you.
Something tries to feed on your intellect!
The neqoxec is engulfed in blazing flames.
Your Fighting skill increases to level 4!
You barely miss the neqoxec.
The neqoxec is almost dead.
The neqoxec barely misses you.
The neqoxec is engulfed in blazing flames.
The neqoxec gestures at you.
Strange energies course through your body.
You feel yourself wasting away. The lava snake spits lava at you.
The glob of lava hits you! You partially resist.
You hit the neqoxec. Your punch misses the neqoxec.
The neqoxec is almost dead.
The neqoxec is engulfed in blazing flames.
The neqoxec dies!
The neqoxec gestures at you.
Something tries to feed on your intellect!
The lava snake spits lava at you. The glob of lava hits you!
You partially resist. The lava snake spits lava at you.
The glob of lava hits you! You partially resist.
* * * LOW HITPOINT WARNING * * *
You pummel the neqoxec!!
You kill the neqoxec!
Cheibriados appreciates the change of pace.
Cheibriados raises the support of your attributes as your movement slows.
Unknown command.
The lava snake spits lava at you. The glob of lava hits you!
You partially resist.
You die...

##≈§○°§§°## ##§§§°≈○°°°##
+§°°○°≈°°○○≈# #≈○°§§°≈○°#
#SSSS○°≈# #~~#°'○#○''##
######~~~.°°○○....# .....#~
##○##.. .∩...#~ ##○h.# .####
.### ∩.∩..#~ #.##..# ...# ...#
.∩.⌠.#~ ####.######..## #..#
∩.∩..#~##†###'# #.##..# +..#
.∩...#~#.####.###..#..# #..#
+~'##.'.<.'.##'..####..##
.....#~#...##.###†.#....###§..
▓▓▓###~##.###†###.##.§§...~~~~
######~ ####...####~§.§...~#'#


You could see 4 lava snakes.

Vanquished Creatures
  3 neqoxecs (D)
  Menkaure (D)
  2 water moccasins (D)
  4 scorpions (D)
  4 necrophages (D)
  3 worms (D)
17 creatures vanquished.

Vanquished Creatures (others)
  A neqoxec (D)
1 creature vanquished.

Grand Total: 18 creatures vanquished

Notes
Turn   | Place    | Note
-------+----------+-------------------------------------------
     0 | D        | rocky1 the Djinni Shapeshifter began the quest for the Orb.
     0 | D        | Reached XP level 1. HP: 17/17 MP: 0/0
     1 | D        | Noticed a scorpion
     1 | D        | Noticed a scorpion
     8 | D        | Killed a scorpion
     9 | D        | Reached skill level 5 in Unarmed Combat
     9 | D        | Reached skill level 5 in Shapeshifting
     9 | D        | Reached XP level 2. HP: 22/22 MP: 0/0
     9 | D        | Reached XP level 3. HP: 27/27 MP: 0/0
     9 | D        | Learned a level 1 spell: Magic Dart
     9 | D        | Reached XP level 4. HP: 32/32 MP: 0/0
    10 | D        | Killed a scorpion
    11 | D        | Reached skill level 7 in Unarmed Combat
    11 | D        | Reached XP level 5. HP: 37/37 MP: 0/0
    11 | D        | Learned a level 2 spell: Call Imp
    14 | D        | Reached skill level 8 in Unarmed Combat
    18 | D        | Reached skill level 9 in Unarmed Combat
    18 | D        | Reached XP level 6. HP: 41/42 MP: 0/0
    24 | D        | Noticed a water moccasin
    24 | D        | Noticed Menkaure
    29 | D        | Killed Menkaure
    32 | D        | Killed a water moccasin
    33 | D        | Reached skill level 10 in Unarmed Combat
    34 | D        | Found a blossoming altar of Fedhas.
    35 | D        | Found a white marble altar of Elyvilon.
    35 | D        | Found an opulent altar of Gozag.
    35 | D        | Found a burning altar of Makhleb.
    36 | D        | Found a shadowy altar of Dithmenos.
    36 | D        | Found a corrupted altar of Lugonu.
    37 | D        | Found a snail-covered altar of Cheibriados.
    37 | D        | Found a bloodstained altar of Trog.
    38 | D        | Found a viscous altar of Jiyva.
    39 | D        | Found a hazy altar of Hepliaklqana.
    39 | D        | Found a sacrificial altar of Ru.
    40 | D        | Found a shimmering altar of Xom.
    41 | D        | Found a stormy altar of Qazlal.
    41 | D        | Found an ornate altar of the Wu Jian Council.
    41 | D        | Found a sparkling altar of Nemelex Xobeh.
    41 | D        | Found a hide-covered altar of Uskayaw.
    41 | D        | Found a basalt altar of Yredelemnul.
    41 | D        | Found a glowing golden altar of the Shining One.
    42 | D        | Found an iron altar of Okawaru.
    42 | D        | Found a glowing silver altar of Zin.
    44 | D        | Noticed a water moccasin
    44 | D        | Noticed a water moccasin
    46 | D        | Became a worshipper of Cheibriados the Contemplative
    85 | D        | Reached XP level 7. HP: 43/49 MP: 0/0
    85 | D        | Learned a level 3 spell: Ozocubu's Armour
    89 | D        | Reached * piety under Cheibriados
    90 | D        | Reached skill level 11 in Unarmed Combat
   100 | D        | Reached skill level 1 in Spellcasting
   100 | D        | Reached skill level 1 in Conjurations
   100 | D        | Reached skill level 1 in Hexes
   100 | D        | Reached skill level 1 in Summonings
   100 | D        | Reached skill level 1 in Necromancy
   100 | D        | Reached skill level 1 in Translocations
   100 | D        | Reached skill level 1 in Transmutations
   100 | D        | Reached skill level 1 in Fire Magic
   100 | D        | Reached skill level 1 in Ice Magic
   100 | D        | Reached skill level 1 in Air Magic
   100 | D        | Reached skill level 1 in Earth Magic
   100 | D        | Reached skill level 1 in Poison Magic
   178 | D        | Found Roga's Distillery.
   178 | D        | Found Jiptocka's Antique Armour Shoppe.
   178 | D        | Found Ynu Qia's General Store.
   178 | D        | Found Lierif's Jewellery Emporium.
   179 | D        | Found Tonka's Book Emporium.
   179 | D        | Found Tixt's Weapon Shoppe.
   179 | D        | Found Ataut's Antique Armour Emporium.
   200 | D        | Noticed a neqoxec
   200 | D        | Noticed a neqoxec
   207 | D        | Killed a neqoxec
   207 | D        | Reached ** piety under Cheibriados
   208 | D        | Reached skill level 5 in Dodging
   208 | D        | Reached skill level 12 in Unarmed Combat
   208 | D        | Reached XP level 8. HP: 35/56 MP: 0/0
   219 | D        | Gained mutation: You occasionally lose the ability to drink
                  | potions when taking damage. [a neqoxec]
   222 | D        | Reached *** piety under Cheibriados
   223 | D        | Gained mutation: Your body sometimes deteriorates upon
                  | taking damage. [a neqoxec]
   226 | D        | Killed from afar by a lava snake

Illustrated notes

Levels and vault maps discovered:
D:        the_violet_keep_of_menkaure [sprint2_stairs_cluster_1,
          sprint2_shoproom, sprint2_temple, sprint2_basic_supplies,
          sprint2_obstacle_2, sprint2_obstacle_3, sprint2_obstacle_5,
          sprint2_obstacle_4, sprint2_obstacle_6, sprint2_timed_cluster_1,
          sprint2_smallroom_cluster_1, sprint2_smallroom_final_cluster_1,
          sprint2_transparent_cluster_1, sprint2_second_timed_cluster_1,
          sprint2_sniper_area_1, sprint2_heavy_combat_area_1,
          sprint2_mutation_trap_area_1, sprint2_forest_area_1,
          sprint2_light_combat_area_1, sprint2_behind_water_1,
          sprint2_near_end_vault_1]

Skill      XL: |  1  2  3  4  5  6  7  8 |
---------------+-------------------------+-----
Dodging        | 3 4 5 |  5.1
Unarmed Combat | 5 7 9 10 12 | 12.8
Shapeshifting  | 5 6 7 8 |  8.2
Fighting       | 2 3 4 |  4.0
Spellcasting   | 1 2 |  2.2
Conjurations   | 1 2 |  2.2
Hexes          | 1 2 |  2.2
Summonings     | 1 2 |  2.2
Necromancy     | 1 2 |  2.2
Translocations | 1 2 |  2.2
Transmutations | 1 2 |  2.2
Fire Magic     | 1 2 |  2.2
Ice Magic      | 1 2 |  2.2
Air Magic      | 1 2 |  2.2
Earth Magic    | 1 2 |  2.2
Poison Magic   | 1 2 |  2.2
Stealth        | |  0.8

Action                     |  1- 3 |  4- 6 |  7- 9 || total
---------------------------+-------+-------+-------++-------
  Melee: Unarmed           |     5 |    23 |    48 ||    76
         Punch             |       |     3 |     1 ||     4
    Use: Potion            |     1 |       |     1 ||     2
   Stab: Sleeping          |       |       |     1 ||     1
 Armour: Animal skin       |     1 |     4 |    17 ||    22
  Dodge: Dodged            |     2 |    11 |    20 ||    33

Table legend: (Time is in decaauts)
 A = Elapsed time spent in this place.
 B = Non-inter-level travel time spent in this place.
 C = Inter-level travel time spent in this place.
 D = Time resting spent in this place.
 E = Time spent auto-exploring this place.
 F = Levels seen in this place.
 G = Mean time per level.
                   A        B        C        D        E       F      G
               +--------+--------+--------+--------+--------+-----+--------+
         Total |    238 |    238 |      0 |     54 |      0 |   1 |  238.0 |
       Dungeon |    238 |    238 |      0 |     54 |      0 |   1 |  238.0 |
               +--------+--------+--------+--------+--------+-----+--------+

Top non-repeatable levels by time:
       D: 238 daAuts
